 Dungeon Crawl Stone Soup version 0.19-a0-1653-g922d709 (webtiles) character file.

135 Naow the Chopper (level 4, -4/40 HPs)
             Began as a Minotaur Berserker on Sept 20, 2016.
             Was a Believer of Trog.
             Slain by an ogre
             ... wielding a +0 giant club
              (22 damage)
             ... on level 4 of the Dungeon.
             The game lasted 00:03:28 (2143 turns).

Naow the Chopper (Minotaur Berserker)               Turns: 2143, Time: 00:03:29

Health: -4/40      AC:  2    Str: 22    XL:     4   Next: 96%
Magic:  3/3        EV: 12    Int:  4    God:    Trog [**....]
Gold:   117        SH:  0    Dex: 10    Spells: 0 memorised, 3 levels left

rFire  . . .     SeeInvis .     a - +0 hand axe
rCold  . . .     Gourm    .     b - +0 animal skin
rNeg   . . .     Faith    .     (no shield)
rPois  .         Spirit   .     (helmet restricted)
rElec  .         Dismiss  .     (no cloak)
rCorr  .         Reflect  .     (no gloves)
MR     .....     Harm     .     (no boots)
Stlth  +.........               (no amulet)
                                (no ring)
                                (no ring)

@: confused
A: retaliatory headbutt, horns 2
a: Berserk, Trog's Hand, Burn Spellbooks, Renounce Religion


You were on level 4 of the Dungeon.
You worshipped Trog.
Trog was pleased with you.
You were not hungry.

You visited 1 branch of the dungeon, and saw 4 of its levels.

You collected 117 gold pieces.

Inventory:

Hand Weapons
 a - a +0 hand axe (weapon)
Armour
 b - a +0 animal skin (worn)
Jewellery
 g - an uncursed ring of poison resistance {unknown}
 p - a cursed ring of resist corrosion {unknown}
Scrolls
 d - a scroll of blinking {unknown}
 e - 2 scrolls of enchant weapon {unknown}
 j - 4 scrolls of identify {unknown}
 k - a scroll of enchant armour {unknown}
 l - 2 scrolls of magic mapping {unknown}
 n - a scroll of random uselessness {unknown}
 o - a scroll of amnesia {unknown}
Potions
 h - 3 potions of curing {unknown}
 m - a potion of brilliance {unknown}
 q - a potion of cancellation {unknown}
 s - a potion of lignification {unknown}
Comestibles
 c - 4 bread rations
 f - a slice of pizza
 i - 4 meat rations


   Skills:
 - Level 3.9 Fighting
 + Level 6.6 Axes
 - Level 2.6 Armour
 - Level 2.3 Dodging


You had 3 spell levels left.
You didn't know any spells.

Dungeon Overview and Level Annotations

Branches:
Dungeon (4/15)
 Temple: D:4-7

Altars:
Elyvilon
Gozag
Makhleb
Okawaru
Ru
Vehumet


Innate Abilities, Weirdness & Mutations

You reflexively headbutt those who attack you in melee.
You have a pair of horns on your head.


Message History

Trog accepts your kill.
The orc priest invokes the aid of Beogh against you.
Beogh smites you!
Things that are here:
a war axe; an orc corpse You hit the ogre.
The ogre is lightly wounded.
You hit the orc wizard but do no damage.
You closely miss the orc priest. The orc priest barely misses you.
The orc wizard hits you with a dagger. The ogre hits you with a giant club!
You slash the ogre! Your headbutt misses the ogre.
The ogre is heavily wounded.
You hit the orc priest but do no damage.
You hit the orc wizard.
The orc wizard points at you and mumbles some strange words.
You are confused.
The orc priest hits you but does no damage.
The ogre hits you with a giant club!!
Ouch! That really hurt!
You die...

# ... + . #.. .# #
#.###.. #.## ## #
....... ... .... #
.....##.###.##########
####...#................
.....ooo..#.#.####.####.
......O@).....####.####.
........................
...#...#..##....##.####.
. #....?.......##.# #.
..............##.# #.
......#..##..####.# #.
#.#....#..##†.# #.. ..
#.#....#..##..# #.# ##.
#... #....... .. ..


You could see an ogre, an orc priest, an orc wizard and an orc.

Vanquished Creatures
  A howler monkey skeleton (D:3)
  5 adders
  2 worms
  2 dart slugs (D:2)
  3 leopard geckos
  2 orcs (D:4)
  2 giant cockroaches
  7 goblins
  8 hobgoblins
  8 jackals
  5 kobolds
  A quokka (D:4)
  A ball python (D:3)
  8 bats
  A frilled lizard (D:3)
  7 rats
63 creatures vanquished.

Vanquished Creatures (others)
  A kobold (D:2)
1 creature vanquished.

Grand Total: 64 creatures vanquished

Notes
Turn   | Place    | Note
-------+----------+-------------------------------------------
     0 | D:1      | Naow the Minotaur Berserker began the quest for the Orb.
     0 | D:1      | Reached XP level 1. HP: 19/19 MP: 0/0
   187 | D:1      | Reached XP level 2. HP: 18/27 MP: 1/1
   213 | D:1      | Reached skill level 4 in Axes
   803 | D:2      | Reached XP level 3. HP: 32/33 MP: 2/2
   850 | D:2      | Found a white marble altar of Elyvilon.
   924 | D:2      | Reached skill level 5 in Axes
   959 | D:2      | Reached ** piety under Trog
  1211 | D:2      | Found a radiant altar of Vehumet.
  1375 | D:3      | Reached XP level 4. HP: 28/40 MP: 3/3
  1522 | D:3      | Reached skill level 6 in Axes
  1542 | D:3      | Found an opulent altar of Gozag.
  1689 | D:3      | Found a burning altar of Makhleb.
  1991 | D:3      | Found an iron altar of Okawaru.
  2083 | D:4      | Found a sacrificial altar of Ru.
  2137 | D:4      | Noticed an ogre
  2143 | D:4      | Slain by an ogre

Vault maps used:
D:1:      tarquinn_simple_flora_water_a, glass_columns_a, minmay_misc_feat_iff,
          hex_tiny
D:2:      fiery_altar_vehumet, elyvilon_altar_4, first_bread
D:3:      lemuel_crystal_altar, lightli_temple_of_fire, marbit_many_paths,
          minmay_misc_feat_columns
D:4:      nicolae_ru_awakened_eye, lemuel_round_altar

Skill      XL: |  1  2  3  4 |
---------------+-------------+-----
Axes           | 4 5 6 |  6.6
Fighting       | |  3.9
Armour         | |  2.6
Dodging        | |  2.3

Action                   |  1- 3 |  4- 6 || total
-------------------------+-------+-------++-------
Melee: Hand axe          |    69 |    48 ||   117
       Headbutt          |    13 |     9 ||    22
Invok: Berserk           |     1 |       ||     1
 Stab: Sleeping          |       |     1 ||     1
  Eat: Chunk             |     2 |     2 ||     4
       Royal jelly       |       |     1 ||     1
Armor: Animal skin       |     7 |     9 ||    16
Dodge: Dodged            |    49 |    23 ||    72
